 Dungeon Crawl Stone Soup version 0.30.0-15-g856e2d3f33 (webtiles) character file.

Game seed: 6097412620220242448

7 SkeletonJelly the Conjurer (level 1, 0/15 (16) HPs)
             Began as a Demonspawn Reaver on May 19, 2023.
             Frozen to death by an endoplasm (4 damage)
             ... on level 1 of the Dungeon.
             The game lasted 00:00:53 (149 turns).

SkeletonJelly the Conjurer (Demonspawn Reaver)       Turns: 149, Time: 00:00:54

HP:   0/15 (16)     AC:  3    Str: 12    XL:     1   Next: 83%
MP:   3/3           EV: 11    Int: 14    God:
Gold: 0             SH:  0    Dex: 11    Spells: 3/4 levels left

rFire   . . .        a - +0 spear
rCold   . . .        (no shield)
rNeg    . . .        b - +0 leather armour
rPois   .            (no helmet)
rElec   .            (no cloak)
rCorr   .            (no gloves)
SInv    .            (no boots)
Will    .....        (no amulet)
Stlth   +            (no ring)
HPRegen 0.22/turn    (no ring)
MPRegen 0.08/turn

%: no passive effects
@: drained
A: no striking features
a: no special abilities


You were on level 1 of the Dungeon.
You visited 1 branch of the dungeon, and saw 1 of its levels.

Inventory:

Hand Weapons
 a - a +0 spear (weapon)
Armour
 b - a +0 leather armour (worn)


   Skills:
 - Level 2.0 Fighting
 + Level 2.9 Polearms
 - Level 1.7 Dodging
 - Level 2.0 Spellcasting
 - Level 3.0 Conjurations
 + Level 1.0 Necromancy


You had 3 spell levels left.
You knew the following spells:

 Your Spells              Type           Power      Damage    Failure   Level
a - Kiss of Death         Conj/Necr      28%        2d7       13%         1

Your spell library contained the following spells:

 Spells                   Type           Power      Damage    Failure   Level
 Momentum Strike          Conj/Tloc      10%        3d8       24%         2
 Hailstorm                Conj/Ice       5%         3d4       43%         3


Dungeon Overview and Level Annotations

Branches:
Dungeon (1/15)

Altars:


Message History

There is an open door, spattered with blood here.
Things that are here:
a quokka corpse; a frilled lizard corpse
There is a large open door here.
You enter the shallow water.
Moving in this stuff is going to be slow.
An endoplasm comes into view.
Found 15 gold pieces.
An endoplasm is nearby!
Health restored: 15; MP restored: 3 An endoplasm is nearby!
An endoplasm is nearby!
An endoplasm is nearby!
A giant cockroach and a bat come into view.
There is a fountain of clear blue water here.
You hit the endoplasm but do no damage. The endoplasm freezes you.
You are frozen.
You take 5 damage, and have 10/15 hp.
MASSIVE DAMAGE!!
You barely miss the endoplasm.
The endoplasm hits you but does no damage.
You hit the bat but do no damage. The bat hits you but does no damage.
The endoplasm jiggles.
The endoplasm hits you.
You hit the endoplasm.
The endoplasm is lightly wounded.
The bat hits you but does no damage.
The endoplasm hits you but does no damage.
You completely miss the endoplasm.
The endoplasm is lightly wounded.
The bat hits you but does no damage. The endoplasm closely misses you.
The endoplasm attacks as you move away! The endoplasm barely misses you.
The bat hits you but does no damage. The bat barely misses you.
The endoplasm attacks as you move away!
The endoplasm hits you but does no damage.
The giant cockroach attacks as you move away!
The giant cockroach barely misses you. The bat closely misses you.
The giant cockroach bites you.
You take 2 damage, and have 8/15 hp.
The endoplasm attacks as you move away! The endoplasm barely misses you.
You enter the shallow water.
Moving in this stuff is going to be slow.
The bat misses you.
The giant cockroach attacks as you move away!
The giant cockroach bites you. The bat hits you but does no damage.
You take 1 damage, and have 8/15 hp.
The giant cockroach attacks as you move away!
The giant cockroach barely misses you. The bat attacks as you move away!
The bat barely misses you. x2; The bat hits you but does no damage.
The bat hits you but does no damage.
The giant cockroach bites you but does no damage.
There is a large open door here.
The bat barely misses you.
There is a fountain of clear blue water here.
The bat closely misses you.
There is a large open door here.
The giant cockroach attacks as you move away!
The giant cockroach bites you but does no damage.
The bat completely misses you. The giant cockroach barely misses you.
Reach: a) +0 spear
Press: ? - help, Dir - move target, f - giant cockroach
Aim: a giant cockroach (about 40% to evade your +0 spear)
You hit the giant cockroach but do no damage.
Your punch misses the giant cockroach. The bat barely misses you.
The giant cockroach bites you.
You take 2 damage, and have 8/15 hp.
The giant cockroach attacks as you move away!
The giant cockroach barely misses you. The bat barely misses you.
Reach: a) +0 spear
Press: ? - help, Dir - move target, f/p - giant cockroach
Aim: a giant cockroach (about 40% to evade your +0 spear)
You reach to attack!
You hit the giant cockroach but do no damage.
The bat barely misses you.
The giant cockroach waves its antennae.
The endoplasm barely misses you.
Reach: a) +0 spear
Press: ? - help, Dir - move target, f/p - giant cockroach
Aim: a giant cockroach (about 40% to evade your +0 spear)
You hit the giant cockroach but do no damage.
The bat hits you but does no damage. The giant cockroach barely misses you.
The endoplasm barely misses you.
Reach: a) +0 spear
Press: ? - help, Dir - move target, f/p - giant cockroach
Aim: a giant cockroach (about 40% to evade your +0 spear)
You hit the giant cockroach.
The giant cockroach is moderately wounded.
The bat hits you but does no damage. The giant cockroach bites you.
The endoplasm hits you.
You take 4 damage, and have 5/15 hp.
MASSIVE DAMAGE!!
Reach: a) +0 spear
Press: ? - help, Dir - move target, f/p - giant cockroach
Aim: a giant cockroach (moderately wounded, about 40% to evade your +0 spear)
You hit the giant cockroach.
The giant cockroach is heavily wounded.
The bat barely misses you. The giant cockroach bites you.
* * * LOW HITPOINT WARNING * * *
The endoplasm freezes you.
You are frozen.
You die...

.....................
....~~≈~~~~~≈~≈~~≈~~~
......≈≈≈≈≈≈≈≈~≈≈≈≈≈≈≈≈
......≈≈≈≈≈≈≈≈~≈≈≈≈≈≈≈≈
......~≈≈#+#'#≈≈≈≈≈≈≈#
$.....~≈≈'(..##'###+##
......~≈≈'...#.......#
......~~≈#'#†#.#####.#
......?~≈≈≈#...#@.b#
.!...⌠..~≈~'.⌠.JB<.#
.....⌠..~~≈'.⌠.'...#
.......≈~≈≈#...#...#
......~~≈#+###.#####
......~≈≈+ +...
###...~≈≈+ ##+##
#...~≈≈# #...~≈≈≈


You could see an endoplasm, a giant cockroach and a bat.

Vanquished Creatures
  A dart slug (D:1)
  A bat (D:1)
  A quokka (D:1)
  A ball python (D:1)
  A frilled lizard (D:1)
5 creatures vanquished.

Notes
Turn   | Place    | Note
-------+----------+-------------------------------------------
     0 | D:1      | SkeletonJelly the Demonspawn Reaver began the quest for the
                  | Orb.
     0 | D:1      | Reached XP level 1. HP: 16/16 MP: 3/3
    67 | D:1      | Reached skill level 1 in Necromancy
   149 | D:1      | Frozen to death by an endoplasm

Illustrated notes

Levels and vault maps discovered:
D:1:      dpeg_arrival_castle, layout_rooms, ebering_dispersal_statue_hall

Skill      XL: |  1 |
---------------+----+-----
Necromancy     | 1 |  1.0
Fighting       | |  2.0
Polearms       | |  2.9
Dodging        | |  1.7
Spellcasting   | |  2.0
Conjurations   | |  3.0

Action                     || total
---------------------------++-------
  Melee: Spear             ||    36
   Cast: Kiss of Death     ||     1
 Armour: Leather armour    ||    25
  Dodge: Dodged            ||    52
